 Dungeon Crawl Stone Soup version 0.23.2-1-ga50397a (webtiles) character file.

Game seed: 10347404608164571023

100 Kairos the Insei (level 4, 0/28 HPs)
             Began as an Octopode Transmuter on Apr 25, 2019.
             Slain by an orc
             ... wielding a +0 club
              (2 damage)
             ... on level 3 of the Dungeon.
             The game lasted 00:03:43 (1575 turns).

Kairos the Insei (Octopode Transmuter)              Turns: 1575, Time: 00:03:43

Health: 0/28       AC:  2    Str: 10    XL:     4   Next: 73%
Magic:  7/7        EV: 14    Int: 15    God:
Gold:   131        SH:  6    Dex: 12    Spells: 5/8 levels left

rFire    . . .     SeeInvis .     - Unarmed
rCold    . . .     Gourm    .   f - +0 shield
rNeg     . . .     Faith    .   l - +1 hat
rPois    .         Spirit   .   (no amulet)
rElec    .         Reflect  .   p - +3 ring of evasion
rCorr    .         Harm     .   (no ring)
MR       .....                  (no ring)
Stlth    ++........             (no ring)
HPRegen  0.09/turn              (no ring)
MPRegen  0.10/turn              (no ring)
                                (no ring)
                                (no ring)

@: no status effects
A: almost no armour, stealthy swim, amphibious, 8 rings, constrict 8, camouflage
1, gelatinous body 1
a: no special abilities


You were on level 3 of the Dungeon.
You were not hungry.

You visited 1 branch of the dungeon, and saw 3 of its levels.

You collected 131 gold pieces.

Inventory:

Missiles
 a - 88 arrows
Armour
 f - a +0 shield (worn)
 l - a +1 hat (worn)
Jewellery
 p - a +3 ring of evasion (left tentacle)
Scrolls
 e - 2 scrolls of remove curse {unknown}
 g - 2 scrolls of enchant weapon
 i - a scroll of fog {unknown}
 j - a scroll of random uselessness {unknown}
 k - a scroll of enchant armour {unknown}
 n - a scroll of teleportation {unknown}
Potions
 b - 2 potions of might {unknown}
 d - 2 potions of degeneration {unknown}
 h - a potion of invisibility {unknown}
 m - a potion of mutation {unknown}
Comestibles
 c - 4 rations


   Skills:
 * Level 1.0 Fighting
 + Level 2.7 Dodging
 + Level 0.6 Stealth
 * Level 0.3 Shields
 * Level 4.1 Unarmed Combat
 * Level 2.6 Spellcasting
 * Level 2.4 Transmutations


You had 5 spell levels left.
You knew the following spells:

 Your Spells              Type           Power        Failure   Level  Hunger
a - Beastly Appendage     Tmut           #.....       45%         1    #......
b - Sticks to Snakes      Tmut           #.......     58%         2    ###....

Your spell library contained the following spells:

 Spells                   Type           Power        Failure   Level  Hunger
 Spider Form              Tmut/Pois      #.........   94%         3    ###....
 Ice Form                 Ice/Tmut       #.......     100%        4    #####..
 Blade Hands              Tmut           #.........   100%        5    ######.


Dungeon Overview and Level Annotations

Branches:
Dungeon (3/15)

Altars:
Elyvilon


Innate Abilities, Weirdness & Mutations

You cannot wear most types of armour.
You are very stealthy in the water. (Stealth+)
You are amphibious.
You can wear up to eight rings at the same time.
You can use your tentacles to constrict eight enemies at once.
Your skin changes colour to match your surroundings (Stealth+).
Your rubbery body absorbs attacks. (AC +1, EV +1)


Message History

The orc completely misses you. The kobold hits you. You block the orc's attack.
You tentacle-slap the orc.
You kill the orc!
The orc completely misses you. You block the kobold's attack.
The orc hits you with a +0 club.
You tentacle-slap the orc. You grab the orc.
The orc is heavily wounded.
You constrict the orc.
The orc wizard casts a spell.
The orc wizard blinks!
The orc closely misses you. The kobold misses you.
You bludgeon the orc!
You kill the orc!
The orc closely misses you. The orc hits you with a +0 morningstar!
The kobold misses you. You block the orc's attack.
You completely miss the orc priest. Your grab misses the orc priest.
The orc priest calls down the wrath of Beogh upon you.
Pain shoots through your body!
* * * LOW HITPOINT WARNING * * *
The orc hits you with a +0 club.
You die...

#.# #.#
##+#+#.#
#.....<#
#......# .
#......# .[.
#......#+#..!.
#.....oo......
##+#.(@oo.....
#..Ko......
#......#...
#)....s.o..
#...###....
+...# ....
#...# ...
#...# ..


You could see an orc priest, an orc wizard, 4 orcs, a giant cockroach and a
kobold.

Vanquished Creatures
  Jessica (D:2)
  An adder (D:2)
  2 worms (D:2)
  3 dart slugs (D:1)
  A leopard gecko (D:1)
  3 orcs
  6 bats
  3 giant cockroaches (D:1)
  9 goblins
  5 hobgoblins
  2 kobolds
  A quokka (D:2)
  3 frilled lizards
  7 rats
47 creatures vanquished.

Notes
Turn   | Place    | Note
-------+----------+-------------------------------------------
     0 | D:1      | Kairos the Octopode Transmuter began the quest for the Orb.
     0 | D:1      | Reached XP level 1. HP: 13/13 MP: 3/3
   379 | D:1      | Reached XP level 2. HP: 18/18 MP: 5/5
   443 | D:1      | You fall through a shaft!
   496 | D:2      | Reached XP level 3. HP: 20/23 MP: 4/6
   498 | D:2      | Noticed Jessica
   506 | D:2      | Killed Jessica
   512 | D:2      | Reached XP level 4. HP: 24/28 MP: 5/7
   620 | D:2      | Found a white marble altar of Elyvilon.
  1043 | D:1      | Reached skill level 4 in Unarmed Combat
  1200 | D:2      | Learned a level 2 spell: Sticks to Snakes
  1575 | D:3      | Slain by an orc

Skill      XL: |  1  2  3  4 |
---------------+-------------+-----
Unarmed Combat | 4 |  4.1
Fighting       | |  1.0
Dodging        | |  2.7
Stealth        | |  0.6
Shields        | |  0.3
Spellcasting   | |  2.6
Transmutations | |  2.4

Action                   |  1- 3 |  4- 6 || total
-------------------------+-------+-------++-------
Melee: Unarmed           |    39 |    63 ||   102
       Constrict         |    14 |    21 ||    35
       Tentacles         |     8 |     9 ||    17
       Kick              |     5 |       ||     5
       Punch             |     1 |     1 ||     2
 Cast: Beastly Appendage |     4 |     2 ||     6
  Use: Scroll            |       |     1 ||     1
 Stab: Sleeping          |     2 |     3 ||     5
       Distracted        |       |     1 ||     1
  Eat: Chunk             |       |     2 ||     2
Armor: Skin              |     4 |     3 ||     7
Dodge: Dodged            |    37 |    30 ||    67
Block: Shield            |       |    14 ||    14
